 Dungeon Crawl Stone Soup version 0.31.0-11-ge490571c62 (webtiles) character file.

Game seed: 1909477669221228957

21 qw the Shooter (level 2, -1/16 HPs)
             Began as a Deep Elf Hunter on Feb 4, 2024.
             Succumbed to their own poison gas
             ... on level 1 of the Dungeon.
             The game lasted 00:00:12 (839 turns).

qw the Shooter (Deep Elf Hunter)                     Turns: 839, Time: 00:00:13

Health: -1/16      AC:  3    Str:  8    XL:     2   Next: 65%
Magic:  4/4        EV: 12    Int: 13    God:
Gold:   14         SH:  0    Dex: 18    Spells: 1/1 levels left

rFire   . . .        a - +0 shortbow
rCold   . . .        (shield currently unavailable)
rNeg    . . .        c - +0 leather armour
rPois   .            (no helmet)
rElec   .            (no cloak)
rCorr   .            (no gloves)
SInv    .            (no boots)
Will    .....        (no amulet)
Stlth   ++           (no ring)
HPRegen 0.22/turn    (no ring)
MPRegen 0.09/turn

%: no passive effects
@: lethally poisoned (-1 -> -7), attractive, invisible
A: no striking features
a: no special abilities


You were on level 1 of the Dungeon.
You visited 1 branch of the dungeon, and saw 1 of its levels.

You collected 14 gold pieces.


   Skills:
 - Level 1.5 Fighting
 + Level 6.4 Ranged Weapons
 - Level 2.4 Dodging
 - Level 1.2 Stealth


You had one spell level left.
You didn't know any spells.
Your spell library was empty.

Inventory:

Hand Weapons
 a - a +0 shortbow (weapon)
Armour
 c - a +0 leather armour (worn)

Dungeon Overview and Level Annotations

Branches:
Dungeon (1/15)

Altars:

Shops:
D:1 (


Message History

It was a potion of invisibility.
You fade into invisibility!
827 ||| DRINKING cyan potion.
It was a potion of attraction.
You feel attractive to monsters.
828 ||| DRINKING bubbling green potion.
It was a potion of heal wounds.
You feel much better.
You feel less invigorated.
You feel less confused.
Done exploring.
834 ||| DROPPING scroll of butterflies.
You drop a scroll of butterflies.
You hear a splash.
Done exploring.
835 ||| DROPPING scroll of amnesia.
You drop a scroll of amnesia.
You hear a splash.
Done exploring.
836 ||| DROPPING potion of ambrosia.
You drop a potion of ambrosia.
You hear a splash.
Done exploring.
What level of the Dungeon? (default 1, ? - help) Sorry, I don't know how to get there.
Enter note:
Enter note:
Enter note:
Enter note:
Enter note:
Enter note:
Enter note:
Enter note:
Enter note:
Enter note:
Enter note:
Enter note: You are poisoned.
Ouch! That really hurt!
You feel very sick.
838 ||| Stepping ~*~*~tactically~*~*~ (cloud).
You feel sick.
There is a staircase leading out of the dungeon here.
There is a lethal amount of poison in your body!
You die...

###'###.#.#
##....
#~P.P##.#.#
##[..
#P7.7##.#.#
##..
#70..'..#.#
##'
7..7####.#
#. #70.7#
#.# #.
#~07P#
##.## ###.
#0.7P#
#...####...
#@.!7#
#.#.>....##
#####
#...####...
##### ###.
#. ##


There were no monsters in sight!

Vanquished Creatures
  4 ball pythons (D:1)
  A bat (D:1)
  An endoplasm (D:1)
  2 hobgoblins (D:1)
  A kobold (D:1)
  3 quokkas (D:1)
  2 frilled lizards (D:1)
  2 goblins (D:1)
  3 rats (D:1)
19 creatures vanquished.

Notes
Turn   | Place    | Note
-------+----------+-------------------------------------------
     0 | D:1      | qw the Deep Elf Hunter began the quest for the Orb.
     0 | D:1      | Reached XP level 1. HP: 12/12 MP: 3/3
     0 | D:1      | 0 ||| qw: Version: 0.3-a-160-g6735b56
     0 | D:1      | 0 ||| qw: Game counter: 5731
     0 | D:1      | 0 ||| qw: Melee chars always use a shield: true
     0 | D:1      | 0 ||| qw: God list: Okawaru
     0 | D:1      | 0 ||| qw: Allow faded altars: false
     0 | D:1      | 0 ||| qw: Do Orc after clearing Dungeon:15 true
     0 | D:1      | 0 ||| qw: Do second Lair branch before Depths: true
     0 | D:1      | 0 ||| qw: Lair rune preference: random
     0 | D:1      | 0 ||| qw: Goals: Normal
     0 | D:1      | 0 ||| PLANNING D:1-11
    61 | D:1      | Found Wot Turgh's Antique Weapon Boutique.
    67 | D:1      | 67 ||| SHOPLISTING encrusted arbalest (190 gold, have 0).
    67 | D:1      | 67 ||| SHOPLISTING glowing sling (90 gold, have 0).
   208 | D:1      | Found a faded altar of an unknown god.
   254 | D:1      | Reached skill level 6 in Ranged Weapons
   254 | D:1      | Reached XP level 2. HP: 16/16 MP: 4/4
   823 | D:1      | 823 ||| READING 2 scrolls labelled PUCRENUR QUUH.
   824 | D:1      | 824 ||| READING scroll labelled WUGYM HULE.
   825 | D:1      | 825 ||| DRINKING 2 amethyst potions.
   826 | D:1      | 826 ||| DRINKING sedimented clear potion.
   827 | D:1      | 827 ||| DRINKING cyan potion.
   828 | D:1      | 828 ||| DRINKING bubbling green potion.
   834 | D:1      | 834 ||| DROPPING scroll of butterflies.
   835 | D:1      | 835 ||| DROPPING scroll of amnesia.
   836 | D:1      | 836 ||| DROPPING potion of ambrosia.
   837 | D:1      | HP: 3/16 [poisoned by you (poison gas)]
   838 | D:1      | 838 ||| Stepping ~*~*~tactically~*~*~ (cloud).
   838 | D:1      | HP: 1/16 [poisoned by you (poison gas)]
   839 | D:1      | Succumbed to their own poison gas

Levels and vault maps discovered:
D:1:      tarquinn_simple_flora_water_f, layout_loops_corners,
          ebering_ecumenical_altar_webs, serial_shops, shop

Skill      XL: |  1 |
---------------+----+-----
Ranged Weapons | 6 |  6.4
Fighting       | |  1.5
Dodging        | |  2.4
Stealth        | |  1.2

Action                     || total
---------------------------++-------
   Fire: Shortbow          ||    46
    Use: Potion            ||     4
         Scroll            ||     2
 Armour: Leather armour    ||     6
  Dodge: Dodged            ||     6

Table legend:
 A = Non-vault XP
 B = Vault XP
 C = Vault XP percentage of total XP
 D = Non-vault monster count
 E = Vault monster count
 F = Vault count percentage of total count
                 A         B        C        D         E       F
            +---------+---------+-------+---------+---------+-------
      Total |      31 |       0 |   0.0 |      19 |       0 |   0.0
            +---------+---------+-------+---------+---------+-------
        D:1 |      31 |       0 |   0.0 |      19 |       0 |   0.0
            +---------+---------+-------+---------+---------+-------
